 Dungeon Crawl Stone Soup version 0.31-a0-875-g02e7d12df6 (webtiles) character file.

Game seed: 6878650416055054908

48 LeprechaunX the Changeling (level 3, -3/24 HPs)
             Began as an Octopode Shapeshifter on Oct 12, 2023.
             Slain by a goblin
             ... wielding a +0 club
             ... led by Robin
              (7 damage)
             ... on level 2 of the Dungeon.
             The game lasted 00:01:56 (1687 turns).

LeprechaunX the Changeling (Octopode Shapeshifter)  Turns: 1687, Time: 00:01:57

Health: -3/24      AC:  1    Str: 15    XL:     3   Next: 72%
Magic:  3/3        EV: 14    Int: 12    God:
Gold:   46         SH:  0    Dex: 17    Spells: 2/2 levels left

rFire   . .          .
                       - Unarmed
rCold   . . .        (no shield)
rNeg    . . .        (helmet currently unavailable)
rPois   .            (no amulet)
rElec   .            i - ring of flight
rCorr   .            p - +6 ring of dexterity
SInv    .            (no ring)
Will    .....        (no ring)
Stlth   +++          (no ring)
HPRegen 0.24/turn    (no ring)
MPRegen 0.08/turn    (no ring)
                     (no ring)

%: no passive effects
@: beast-form, flying
A: beast (slay +2), almost no armour, amphibious, 8 rings, camouflage 1,
gelatinous body 1, (nimble swimmer 1), tentacles
a: Begin Untransformation


You were on level 2 of the Dungeon.
You were a hulking beast.
You visited 1 branch of the dungeon, and saw 2 of its levels.

You collected 46 gold pieces.

Inventory:

Hand Weapons
 a - a +0 sling
Jewellery
 i - a ring of flight (left tentacle)
 p - a +6 ring of dexterity (right tentacle)
Talismans
 b - a beast talisman (active)
 c - a flux talisman
Scrolls
 d - a scroll of identify {unknown}
 e - a scroll of fear {unknown}
 g - a scroll of revelation {unknown}
 h - a scroll of vulnerability {unknown}
 m - a scroll of blinking {unknown}
 n - 2 scrolls of teleportation {unknown}
 o - a scroll of amnesia {unknown}
Potions
 f - a potion of attraction {unknown}
 j - a potion of curing {unknown}
 k - a potion of haste {unknown}
 l - 2 potions of lignification


   Skills:
 + Level 1.6 Fighting
 + Level 2.4 Dodging
 + Level 3.3 Unarmed Combat
 * Level 3.6 Shapeshifting


You had 2 spell levels left.
You didn't know any spells.
Your spell library was empty.

Dungeon Overview and Level Annotations

Branches:
Dungeon (2/15)

Altars:

Annotations:
D:2 Robin


Innate Abilities, Weirdness & Mutations

You are a hulking beast.
Your limbs bulge with bestial killing power. (Slay +2)
You cannot wear most types of armour.
You are amphibious.
You can wear up to eight rings at the same time.
Your skin changes colour to match your surroundings (Stealth+).
Your rubbery body absorbs attacks. (AC +1, EV +1)
((You are camouflaged when in or above water. (Stealth+)))
You have tentacles for arms and can constrict up to eight enemies at once.


Message History

Robin throws the goblin at you!
A hobgoblin comes into view.
The hobgoblin shouts!
The goblin shouts!
Robin roars a battlecry!
The goblins go into a battle-frenzy!
A goblin comes into view. It is wielding a +0 club.
The goblin shouts!
The hobgoblin shouts!
The goblin shouts!
The goblin shouts!
The goblin hits you but does no damage.
You tentacle-slap the hobgoblin. Your grab misses the hobgoblin.
The hobgoblin is heavily wounded.
Robin says, "My goblins will feast on your bones."
The goblin hits you with a +0 club. x2; The hobgoblin hits you.
Unknown command.
The goblin attacks as it pursues you! The goblin barely misses you.
You tentacle-slap the goblin.
You kill the goblin!
The goblin misses you.
The hobgoblin attacks as it pursues you!
The hobgoblin misses you.
You barely miss the hobgoblin. Your grab misses the hobgoblin.
The hobgoblin misses you.
You tentacle-slap the hobgoblin. You grab the hobgoblin.
You tentacle-slap the hobgoblin.
You kill the hobgoblin!
Robin throws the goblin at you! The goblin hits you with a +0 dagger.
* * * LOW HITPOINT WARNING * * *
You tentacle-slap the goblin.
You kill the goblin!
The goblin hits you with a +0 club.
* * * LOW HITPOINT WARNING * * *
Things that are here:
a +0 dagger; a goblin corpse Unknown command.
Robin throws the goblin at you!
You tentacle-slap the goblin. You grab the goblin. You squeeze the goblin.
You kill the goblin!
The goblin closely misses you. The goblin attacks as it pursues you!
The goblin hits you with a +0 club!
You die...

.##.# #...# .##.####### #...#
.##.......# #...#
#########'######### #g..#
###.........#.....# #g.g#
..#.........'.....# #...#
..#.........#.....# #...####.
..#.........###+#####gg......
..'.............hg)gggg......
..#.###....####.#######+#....
..#...#....# #.# ...
..###.#....# #.# . ..#
#.#....# #.# #####'#....# #.#
#.........# #.# #.........#
#.# #.........# #..


You could see Robin, 4 hobgoblins and 2 goblins.

Vanquished Creatures
  An adder (D:2)
  A worm (D:2)
  A dart slug (D:1)
  4 ball pythons (D:1)
  7 bats
  An endoplasm (D:1)
  A giant cockroach (D:2)
  4 hobgoblins
  2 jackals (D:1)
  A quokka (D:1)
  2 frilled lizards (D:1)
  5 goblins
30 creatures vanquished.

Vanquished Creatures (others)
  A ball python (D:2)
1 creature vanquished.

Grand Total: 31 creatures vanquished

Notes
Turn   | Place    | Note
-------+----------+-------------------------------------------
     0 | D:1      | LeprechaunX the Octopode Shapeshifter began the quest for
                  | the Orb.
     0 | D:1      | Reached XP level 1. HP: 13/13 MP: 1/1
   143 | D:1      | Reached XP level 2. HP: 17/18 MP: 2/2
   995 | D:2      | Reached XP level 3. HP: 23/23 MP: 3/3
  1674 | D:2      | Noticed Robin
  1687 | D:2      | Slain by a goblin

Illustrated notes

Levels and vault maps discovered:
D:1:      beargit_arrival_greenhouse, layout_loops_corners
D:2:      layout_basic, lemuel_flame_loot_1, uniq_robin

Action                     || total
---------------------------++-------
  Melee: Unarmed           ||    51
         Constrict         ||    15
         Tentacles         ||     8
         Punch             ||     1
   Stab: Sleeping          ||     5
 Armour: Skin              ||    24
  Dodge: Dodged            ||    35

Table legend: (Time is in decaauts)
 A = Elapsed time spent in this place.
 B = Non-inter-level travel time spent in this place.
 C = Inter-level travel time spent in this place.
 D = Time resting spent in this place.
 E = Time spent auto-exploring this place.
 F = Levels seen in this place.
 G = Mean time per level.
                   A        B        C        D        E       F      G
               +--------+--------+--------+--------+--------+-----+--------+
         Total |   1683 |   1658 |     25 |    362 |   1091 |   2 |  841.5 |
       Dungeon |   1683 |   1658 |     25 |    362 |   1091 |   2 |  841.5 |
               +--------+--------+--------+--------+--------+-----+--------+

Top non-repeatable levels by time:
     D:1: 943 daAuts
     D:2: 740 daAuts
